 Dungeon Crawl Stone Soup version 0.23.2-1-ga50397a6bc (webtiles) character file.

Game seed: 2560274556636386099

32109 MrMeerkat the Fighter (level 13, -3/119 HPs)
             Began as a Minotaur Berserker on May 20, 2019.
             Was a High Priest of Trog.
             Slain by a naga
             ... wielding a +0 glaive
              (14 damage)
             ... on level 1 of the Snake Pit.
             The game lasted 03:31:55 (14506 turns).

MrMeerkat the Fighter (Minotaur Berserker)         Turns: 14506, Time: 03:31:56

Health: -3/119     AC: 23    Str: 28    XL:     13   Next: 29%
Magic:  12/12      EV:  6    Int:  4    God:    Trog [*****.]
Gold:   750        SH:  0    Dex: 12    Spells: 12/12 levels left

rFire    . . .     SeeInvis .   a - +5 battleaxe (venom)
rCold    . . .     Gourm    .   (shield currently unavailable)
rNeg     . . .     Faith    .   b - +5 plate armour
rPois    +         Spirit   .   (helmet restricted)
rElec    .         Reflect  .   i - +1 cloak {rPois}
rCorr    .         Harm     .   z - +0 pair of gloves {Str+3}
MR       +++..                  (no boots)
Stlth    ..........             j - amulet of the acrobat
HPRegen  1.00/turn              A - ring of protection from magic
MPRegen  0.13/turn              B - +1 ring of slaying

@: lethally poisoned (-3 -> -3), regenerating, constricted
A: retaliatory headbutt, horns 2, inhibited regeneration, wild magic 1
a: Berserk, Trog's Hand, Brothers in Arms, Renounce Religion


You were on level 1 of the Snake Pit.
You worshipped Trog.
Trog was extremely pleased with you.
You were hungry.

You visited 5 branches of the dungeon, and saw 17 of its levels.
You also visited: Sewer.

You collected 1098 gold pieces.
You spent 348 gold pieces at shops.

Inventory:

Hand Weapons
 a - a +5 battleaxe of venom (weapon)
 d - a +5 vampiric quarterstaff
 s - a +4 arbalest of flaming
Missiles
 e - 93 poisoned needles
 g - 5 poisoned javelins
 l - 301 arrows (quivered)
 p - 110 bolts
Armour
 b - a +5 plate armour (worn)
 i - a +1 cloak of poison resistance (worn)
 z - a +0 pair of gloves of strength (worn)
Jewellery
 j - an amulet of the acrobat (around neck)
 m - an uncursed ring of flight
 A - a ring of protection from magic (left hand)
 B - a +1 ring of slaying (right hand)
 D - an uncursed ring of ice
 G - a +2 ring of strength
Wands
 k - a wand of random effects (23)
 E - a wand of digging (3)
 J - a wand of flame (13)
 K - a wand of enslavement (8)
Scrolls
 h - 8 scrolls of teleportation
 n - a scroll of noise {unknown}
 q - 5 scrolls of identify
 r - 4 scrolls of remove curse
 u - 2 scrolls of blinking
 x - a scroll of magic mapping
 y - 2 scrolls of silence
 F - 2 scrolls of immolation
Potions
 f - a potion of invisibility {unknown}
 o - 2 potions of brilliance
 t - 2 potions of haste
 w - 6 potions of flight
 C - 2 potions of lignification
Comestibles
 c - 12 rations


   Skills:
 + Level 12.5 Fighting
   Level 4.8 Long Blades
 + Level 11.4(11.6) Axes
   Level 3.5(10.5) Polearms
 + Level 10.3(10.6) Staves
   Level 12.1 Bows
 + Level 3.7 Crossbows
 + Level 0.3 Throwing
 + Level 10.7 Armour
 + Level 3.9 Dodging
 + Level 2.8 Stealth
   Level 1.1 Shields
 + Level 0.1 Evocations


You had 12 spell levels left.
You didn't know any spells.
Your spell library contained the following spells:

 Spells                   Type           Power        Failure   Level  Hunger
 Animate Skeleton         Necr           N/A          99%         1    ##.....
 Apportation              Tloc           #.....       99%         1    ##.....
 Confusing Touch          Hex            #.....       99%         1    ##.....
 Summon Small Mammal      Summ           #...         99%         1    ##.....
 Call Imp                 Summ           #.......     100%        2    ###....
 Call Canine Familiar     Summ           #.......     100%        3    ####...
 Summon Guardian Golem    Hex/Summ       #.......     100%        3    ####...
 Summon Ice Beast         Ice/Summ       #.......     100%        4    #####..
 Summon Lightning Spire   Summ/Air       #.......     100%        4    #####..


Dungeon Overview and Level Annotations

Branches:
Dungeon (11/15)            Temple (0/1) D:7            Lair (3/6) D:11
  Swamp (1/4) Lair:2        Snake (1/4) Lair:3          Orc (1/2) D:10

Altars:
Gozag
Trog

Shops:
D:7 [   D:8 (*   D:11 [

Portals:
Trove: D:10 (give Wrath of Trog)

Annotations:
Orc:1 Nergalle


Innate Abilities, Weirdness & Mutations

You reflexively headbutt those who attack you in melee.
You have a pair of horns on your head.
You do not regenerate when monsters are visible.
Your spells are a little harder to cast, but a little more powerful.


Message History

* * * LOW HITPOINT WARNING * * *
You slice the black mamba!!
You kill the black mamba!
Trog accepts your kill. The naga spits poison at you.
The splash of poison hits you but does no damage.
You resist. The naga closely misses you.
You feel sick. The naga closely misses you. The naga completely misses you.
You closely miss the naga. The naga barely misses you. The naga grabs you.
The naga constricts you.
You slice the naga!! Your headbutt misses the naga.
The naga is severely wounded.
You recover from your berserk rage.
The naga hits you but does no damage. The naga constricts you.
You closely miss the naga.
You headbutt the naga, but do no damage.
The naga is severely wounded.
You feel sick. The naga hits you with a +0 glaive!
You die...

≈≈##≈≈≈##........#
..
≈≈≈≈≈≈≈..........#
..
≈≈##≈#≈.........##
.# #
≈≈≈≈≈####......##
.# .#
#.....#####.##.#
#....####.#.#..#
##..####......#
#.#.#...†..# ##
####..N@...# #.
##.........##
#.##...........#
#.............^####
#.#...............#
##...#..........##
#...###.........#
##....###........#
##
#......##......###


You could see a naga.

Vanquished Creatures
  2 naga warriors (Snake:1)
  Fannar (Orc:1)
  Harold (Orc:1)
  An alligator (Swamp:1)
  A two-headed ogre (D:8)
  Urug (D:10)
  A salamander mystic (Snake:1)
  Pikel (D:8)
  An ugly thing (D:10)
  2 salamanders (Snake:1)
  A cyclops (Orc:1)
  3 elephants (Lair:3)
  Maurice (Orc:1)
  4 black mambas
  2 naga magi (Snake:1)
  6 spiny frogs
  4 komodo dragons (Lair:1)
  A queen bee (D:9)
  2 trolls
  Grinder (D:4)
  A polar bear (shapeshifter) (D:8)
  6 blink frogs (Lair:3)
  2 dream sheep (Lair:3)
  3 hippogriffs
  A wyvern (D:10)
  2 basilisks (Lair:1)
  28 yaks
  2 vampire mosquitoes
  2 steam dragons
  A warg (Orc:1)
  A swamp worm (Swamp:1)
  3 nagas (Snake:1)
  10 water moccasins
  An acid dragon (D:9)
  6 orc warriors
  8 porcupines
  A hornet zombie (D:10)
  A black bear (D:10)
  2 necrophages
  3 phantoms
  2 sky beasts
  5 ogres
  4 centaurs
  3 crocodiles
  A big kobold (D:11)
  12 bullfrogs
  A water moccasin skeleton (D:7)
  2 scorpions
  15 killer bees (D:9)
  6 electric eels
  9 wights
  A crimson imp (D:9)
  A quasit (D:6)
  10 orc priests
  3 hounds
  15 orc wizards
  Crazy Yiuf (D:4)
  A centaur skeleton (D:4)
  A bullfrog skeleton (D:9)
  14 iguanas
  8 worker ants
  A killer bee zombie (D:8)
  An ogre zombie (D:10)
  A hound zombie (D:7)
  A mummy (D:5)
  2 howler monkey zombies
  13 gnolls
  10 adders
  5 shadow imps
  2 oozes
  4 worms
  3 dart slugs (D:1)
  14 leopard geckos
  51 orcs
  4 ball pythons
  6 giant cockroaches
  9 goblins
  8 hobgoblins
  13 jackals
  4 quokkas
  16 bats
  5 frilled lizards
  A goblin zombie (D:10)
  A hobgoblin zombie (D:5)
  4 kobolds
  2 kobold zombies (D:5)
  A leopard gecko skeleton (D:5)
  3 orc skeletons (D:10)
  6 orc zombies
  A quokka skeleton (D:5)
  7 rats
  A fungus (Lair:1)
  6 plants
442 creatures vanquished.

Vanquished Creatures (collateral kills)
  2 hydras (Lair:1)
  A centaur zombie (D:11)
  2 komodo dragons (Lair:1)
  2 blink frogs (Lair:3)
  2 wargs (D:11)
  An orc warrior (D:11)
  2 phantoms (D:10)
  An ogre (D:8)
  4 centaurs (D:11)
  A necrophage (D:10)
  A bullfrog (Lair:1)
  A gnoll sergeant (D:8)
  A troll zombie (D:10)
  2 killer bees (D:9)
  2 orc priests (D:11)
  6 ogre zombies (D:10)
  4 gnolls (D:8)
  2 kobolds (D:11)
  A goblin skeleton (D:10)
  A hobgoblin zombie (D:10)
  14 orc zombies (D:10)
53 creatures vanquished.

Vanquished Creatures (others)
  A slave (D:8)
  An ogre (D:8)
  An orc wizard (D:9)
  2 gnolls
  A leopard gecko (D:8)
  3 fungi (Lair:1)
  2 plants
11 creatures vanquished.

Grand Total: 506 creatures vanquished

Notes
Turn   | Place    | Note
-------+----------+-------------------------------------------
     0 | D:1      | MrMeerkat the Minotaur Berserker began the quest for the
                  | Orb.
     0 | D:1      | Reached XP level 1. HP: 19/19 MP: 0/0
   134 | D:1      | Reached XP level 2. HP: 24/27 MP: 1/1
   930 | D:1      | Reached XP level 3. HP: 32/33 MP: 2/2
  1183 | D:2      | Reached ** piety under Trog
  1511 | D:2      | Reached XP level 4. HP: 37/41 MP: 3/3
  1968 | D:3      | Noticed a centaur
  1972 | D:3      | Killed a centaur
  1972 | D:3      | Reached skill level 5 in Fighting
  1972 | D:3      | Reached skill level 1 in Polearms
  1972 | D:3      | Reached XP level 5. HP: 41/48 MP: 4/4
  2346 | D:3      | Reached skill level 1 in Bows
  2392 | D:3      | Found a bloodstained altar of Trog.
  2542 | D:4      | Noticed Grinder
  2564 | D:4      | Paralysed by Grinder for 2 turns
  2568 | D:4      | Killed Grinder
  2568 | D:4      | Reached *** piety under Trog
  2568 | D:4      | Reached XP level 6. HP: 54/56 MP: 5/5
  2696 | D:4      | Reached XP level 7. HP: 45/62 MP: 6/6
  2798 | D:4      | Reached skill level 1 in Axes
  3032 | D:4      | Found a runed translucent door.
  3034 | D:4      | Noticed Crazy Yiuf
  3043 | D:4      | Killed Crazy Yiuf
  3050 | D:4      | Got a jewelled mace
  3413 | D:5      | Entered Level 5 of the Dungeon
  3513 | D:5      | Found a glowing drain.
  3533 | Sewer    | Entered a sewer
  4007 | D:5      | Reached skill level 1 in Staves
  4052 | D:5      | Reached **** piety under Trog
  4102 | D:5      | Reached skill level 5 in Bows
  4102 | D:5      | Reached skill level 1 in Shields
  4102 | D:5      | Reached XP level 8. HP: 26/70 MP: 7/7
  4653 | D:6      | Reached skill level 5 in Armour
  4841 | D:6      | Reached skill level 5 in Staves
  4843 | D:6      | Reached skill level 1 in Stealth
  4950 | D:6      | Found an opulent altar of Gozag.
  4993 | D:6      | Reached XP level 9. HP: 70/78 MP: 8/8
  5413 | D:7      | Found Otipn's Antique Armour Shop.
  5416 | D:7      | Bought a pair of gloves for 108 gold pieces
  5450 | D:7      | Found a staircase to the Ecumenical Temple.
  6329 | D:8      | Found Uclat's Assorted Antiques.
  6332 | D:8      | Bought a runed scarf for 240 gold pieces
  6419 | D:8      | Noticed a two-headed ogre
  6426 | D:8      | Killed a two-headed ogre
  6426 | D:8      | Reached ***** piety under Trog
  6680 | D:8      | Noticed a polar bear
  6689 | D:8      | Killed a polar bear
  6689 | D:8      | Reached XP level 10. HP: 80/88 MP: 9/9
  6721 | D:8      | Noticed Pikel
  6730 | D:8      | Killed Pikel
  6920 | D:8      | Found Intiomox's Antique Weapon Shoppe.
  7061 | D:8      | Got a heavily runed large shield
  7611 | D:9      | Reached skill level 10 in Bows
  8505 | D:10     | Entered Level 10 of the Dungeon
  8549 | D:10     | Reached XP level 11. HP: 97/97 MP: 10/10
  8611 | D:10     | Found a staircase to the Orcish Mines.
  8612 | D:10     | Noticed a brown ugly thing
  8624 | D:10     | Received a gift from Trog
  8631 | D:10     | Killed a brown ugly thing
  8631 | D:10     | Reached skill level 10 in Staves
  8823 | D:10     | Noticed Urug
  8840 | D:10     | Killed Urug
  9100 | D:10     | Found a portal to a secret trove of treasure.
  9354 | D:10     | Received a gift from Trog
  9585 | Orc:1    | Entered Level 1 of the Orcish Mines
  9585 | Orc:1    | Noticed Harold
  9585 | Orc:1    | Noticed Maurice
  9591 | Orc:1    | Noticed Fannar
  9591 | Orc:1    | Noticed Nergalle
  9597 | Orc:1    | Killed Harold
  9602 | Orc:1    | Killed Fannar
  9602 | Orc:1    | Reached skill level 10 in Fighting
  9602 | Orc:1    | Reached skill level 5 in Axes
  9604 | Orc:1    | Killed Maurice
  9950 | D:11     | Received a gift from Trog
  9980 | D:11     | Found Qicousis's Armour Shop.
 10192 | D:11     | Received a gift from Trog
 10202 | D:11     | Found a staircase to the Lair.
 10206 | D:11     | Received a gift from Trog
 10278 | Lair:1   | Entered Level 1 of the Lair of Beasts
 10294 | Lair:1   | Reached XP level 12. HP: 40/108 MP: 11/11
 10766 | Lair:1   | Noticed a five-headed hydra
 10815 | Lair:1   | Killed a six-headed hydra
 10833 | Lair:1   | Noticed an eight-headed hydra
 10835 | Lair:1   | Killed a nine-headed hydra
 12002 | Lair:2   | Found a staircase to the Swamp.
 12422 | Lair:2   | Reached skill level 10 in Axes
 12540 | Swamp:1  | Entered Level 1 of the Swamp
 12540 | Swamp:1  | Noticed an alligator
 12555 | Swamp:1  | Killed an alligator
 12556 | Swamp:1  | Noticed an alligator
 12908 | Lair:3   | Received a gift from Trog
 12914 | Lair:3   | Reached skill level 10 in Armour
 13096 | Lair:3   | Reached skill level 1 in Crossbows
 13096 | Lair:3   | Reached XP level 13. HP: 86/118 MP: 12/12
 13310 | Lair:3   | Found a staircase to the Snake Pit.
 13431 | Lair:3   | Gained mutation: You do not regenerate when monsters are
                  | visible. [potion of mutation]
 13431 | Lair:3   | Gained mutation: Your spells are a little harder to cast,
                  | but a little more powerful. [potion of mutation]
 14177 | Snake:1  | Entered Level 1 of the Snake Pit
 14480 | Snake:1  | HP: 2/119 [black mamba (4)]
 14485 | Snake:1  | HP: 2/119 [poisoned by a naga (splash of poison)]
 14490 | Snake:1  | HP: 4/119 [black mamba (1)]
 14506 | Snake:1  | Slain by a naga

Skill      XL: |  1  2  3  4  5  6  7  8  9 10 11 12 13 |
---------------+----------------------------------------+-----
Fighting       | 4 5 6 8 9 10 12 | 12.5
Long Blades    | 4 |  4.8
Polearms       | 1 3 |  3.5
Dodging        | 3 |  3.9
Armour         | 3 4 5 6 7 8 10 | 10.7
Bows           | 2 3 5 6 9 10 11 12 | 12.1
Axes           | 2 8 10 11 | 11.4
Staves         | 1 5 7 9 10 | 10.3
Shields        | 1 |  1.1
Stealth        | 1 2 |  2.8
Crossbows      | 1 3 |  3.7
Throwing       | |  0.3
Evocations     | |  0.1

Action                   |  1- 3 |  4- 6 |  7- 9 | 10-12 | 13-15 || total
-------------------------+-------+-------+-------+-------+-------++-------
Melee: Falchion          |    75 |    12 |       |       |       ||    87
       Headbutt          |     7 |     9 |    47 |    69 |    11 ||   143
       Trident           |       |    49 |       |       |       ||    49
       War axe           |       |     6 |    62 |       |       ||    68
       Quarterstaff      |       |       |   158 |   155 |       ||   313
       Battleaxe         |       |       |       |   199 |    53 ||   252
 Fire: Shortbow          |       |    35 |   197 |   293 |       ||   525
       Arbalest          |       |       |       |    19 |    12 ||    31
Throw: Javelin           |       |       |       |     2 |       ||     2
Invok: Berserk           |     1 |     2 |     3 |     8 |     1 ||    15
       Trog's Hand       |       |       |     4 |     6 |     2 ||    12
       Brothers in Arms  |       |       |       |     7 |       ||     7
 Abil: Evoke Flight      |       |     1 |     1 |       |       ||     2
  Use: Scroll            |     4 |     3 |    10 |    13 |     6 ||    36
       Potion            |     2 |       |     5 |     3 |     3 ||    13
 Stab: Confused          |       |       |     1 |     1 |       ||     2
       Paralysed         |       |       |     1 |     4 |       ||     5
  Eat: Ration            |     2 |     2 |     5 |     9 |     1 ||    19
Armor: Animal skin       |    13 |     1 |       |       |       ||    14
       Ring mail         |       |    15 |     7 |       |       ||    22
       Plate armour      |       |       |   198 |   293 |    56 ||   547
Dodge: Dodged            |    54 |    43 |   146 |   253 |    49 ||   545
Block: Large shield      |       |       |    38 |       |       ||    38
       Rpst.: Falchion   |    12 |     1 |       |       |       ||    13
